[ AOE2 MATCH · #513777851 ]
UnrankedTeutons vs Khmer
Player's team · WIN
Rival team · LOSS
[ REPLAY ANALYSIS · EXTRACTED FROM THE RECORDED GAME ]
Feudal
8:50
Castle
26:00
Imperial
—
| APM avg | 32.5 |
| APM peak | 60 |
| eAPM avg | 17.6 |
| Villagers / military | 66 / 64 |
Focus
⚔️ 39.1% · 🌾 60.9%
Spearman ×64
Feudal
11:24
Castle
14:38
Imperial
—
| APM avg | 41.4 |
| APM peak | 64 |
| eAPM avg | 26.2 |
| Villagers / military | 77 / 30 |
Focus
⚔️ 15.5% · 🌾 84.5%
Knight ×19 · Scout Cavalry ×7 · Monk ×3 · Scorpion ×1
Match map
Initial resources + every placement click. Lines = walls · curves = elevation contours. ◆ gold · ⬟ stone · ● berries · ✦ relic · ◌ wall gap
Your base· ✓ Closed at 26:00 · 63t walls · 1 gate(s)
Big-Tobo's base· Open — unwalled flank
Smoothed initial terrain · ◌ = detected wall gap · hover for details
Inputs per minute
— BatDongSan - - Big-Tobo
Build order — BatDongSan
First 150 of 224 actions detected
| 0:01 | Queue | Villager (Male) |
| 0:01 | Queue | Villager (Male) |
| 0:02 | Build | House |
| 0:04 | Build | House |
| 0:13 | Queue | Villager (Male) |
| 0:13 | Queue | Villager (Male) |
| 1:26 | Queue | Villager (Male) |
| 1:27 | Queue | Villager (Male) |
| 1:59 | Queue | Villager (Male) |
| 2:00 | Queue | Villager (Male) |
| 2:10 | Build | Lumber Camp |
| 2:15 | Queue | Villager (Male) |
| 2:16 | Queue | Villager (Male) |
| 2:54 | Queue | Villager (Male) |
| 2:55 | Queue | Villager (Male) |
| 3:35 | Queue | Villager (Male) |
| 3:36 | Queue | Villager (Male) |
| 3:50 | Build | House |
| 4:01 | Queue | Villager (Male) |
| 4:01 | Queue | Villager (Male) |
| 4:28 | Build | Mill |
| 4:54 | Queue | Villager (Male) |
| 4:54 | Queue | Villager (Male) |
| 4:54 | Queue | Villager (Male) |
| 4:55 | Queue | Villager (Male) |
| 6:02 | Research | Loom |
| 6:38 | Research | Feudal Age |
| 6:59 | Build | Palisade Wall |
| 7:24 | Build | House |
| 7:25 | Build | Palisade Wall |
| 7:27 | Build | Palisade Wall |
| 7:28 | Build | Palisade Wall |
| 7:40 | Build | Palisade Wall |
| 8:04 | Queue | Villager (Male) |
| 8:08 | Build | Barracks |
| 8:09 | Build | Palisade Wall |
| 8:27 | Build | House |
| 8:28 | Build | House |
| 8:33 | Queue | Villager (Male) |
| 8:50 | Age | Feudal Age |
| 9:09 | Build | Mining Camp |
| 9:19 | Queue | Villager (Male) |
| 9:44 | Build | Watch Tower |
| 9:46 | Queue | Villager (Male) |
| 9:57 | Queue | Spearman |
| 9:57 | Queue | Spearman |
| 10:07 | Queue | Villager (Male) |
| 10:22 | Queue | Villager (Male) |
| 10:27 | Build | Watch Tower |
| 10:34 | Build | Palisade Wall |
| 10:35 | Build | Palisade Wall |
| 10:36 | Build | Palisade Wall |
| 10:43 | Queue | Villager (Male) |
| 11:27 | Queue | Villager (Male) |
| 11:42 | Build | Watch Tower |
| 11:54 | Queue | Villager (Male) |
| 12:00 | Build | Mill |
| 12:32 | Queue | Villager (Male) |
| 12:32 | Queue | Villager (Male) |
| 12:48 | Build | Watch Tower |
| 13:01 | Build | House |
| 13:07 | Queue | Villager (Male) |
| 13:20 | Build | Blacksmith |
| 13:23 | Build | House |
| 13:24 | Build | House |
| 13:24 | Build | Palisade Wall |
| 13:46 | Build | Palisade Wall |
| 13:47 | Build | Palisade Wall |
| 13:48 | Build | Palisade Wall |
| 13:48 | Build | Palisade Wall |
| 13:51 | Queue | Villager (Male) |
| 13:59 | Build | Watch Tower |
| 14:13 | Queue | Villager (Male) |
| 14:13 | Queue | Villager (Male) |
| 14:30 | Queue | Villager (Male) |
| 14:36 | Build | Palisade Gate |
| 14:37 | Build | Palisade Wall |
| 14:38 | Build | Palisade Wall |
| 14:39 | Build | Palisade Wall |
| 14:47 | Queue | Spearman |
| 14:47 | Queue | Spearman |
| 14:54 | Build | Palisade Wall |
| 14:55 | Build | Palisade Wall |
| 14:56 | Build | Palisade Wall |
| 14:56 | Build | Palisade Wall |
| 14:57 | Build | Palisade Wall |
| 15:08 | Build | Watch Tower |
| 15:15 | Queue | Villager (Male) |
| 15:46 | Queue | Villager (Male) |
| 15:46 | Queue | Villager (Male) |
| 15:59 | Queue | Spearman |
| 15:59 | Queue | Spearman |
| 16:06 | Queue | Villager (Male) |
| 16:27 | Build | Watch Tower |
| 16:33 | Build | Palisade Wall |
| 16:34 | Build | Palisade Wall |
| 16:36 | Build | Palisade Wall |
| 16:48 | Build | Palisade Wall |
| 16:58 | Queue | Spearman |
| 16:58 | Queue | Spearman |
| 16:59 | Queue | Villager (Male) |
| 17:02 | Build | Farm |
| 17:03 | Build | Farm |
| 17:03 | Build | Farm |
| 17:03 | Build | Farm |
| 17:29 | Build | Palisade Wall |
| 17:30 | Build | Palisade Wall |
| 17:32 | Build | Palisade Wall |
| 17:34 | Build | Palisade Wall |
| 17:46 | Queue | Villager (Male) |
| 17:46 | Queue | Villager (Male) |
| 17:48 | Build | Farm |
| 17:48 | Build | Farm |
| 17:49 | Build | Farm |
| 17:49 | Build | Farm |
| 17:49 | Build | Farm |
| 17:50 | Build | Farm |
| 18:21 | Build | Watch Tower |
| 18:23 | Build | House |
| 18:26 | Build | Palisade Wall |
| 18:28 | Build | Palisade Wall |
| 18:31 | Build | House |
| 18:33 | Build | House |
| 18:46 | Build | House |
| 18:49 | Build | Palisade Wall |
| 19:01 | Queue | Villager (Male) |
| 19:01 | Queue | Villager (Male) |
| 19:07 | Build | Mining Camp |
| 19:23 | Build | Farm |
| 19:23 | Build | Farm |
| 19:23 | Build | Farm |
| 19:23 | Build | Farm |
| 19:23 | Build | Farm |
| 19:23 | Build | Farm |
| 19:24 | Build | Farm |
| 19:34 | Build | Palisade Wall |
| 19:49 | Build | Palisade Wall |
| 20:15 | Queue | Villager (Male) |
| 20:15 | Queue | Villager (Male) |
| 20:22 | Build | Farm |
| 20:24 | Build | Farm |
| 20:25 | Build | Farm |
| 20:33 | Build | Palisade Wall |
| 20:54 | Build | Barracks |
| 20:58 | Queue | Villager (Male) |
| 21:06 | Build | Farm |
| 21:07 | Build | Farm |
| 21:08 | Build | Farm |
| 21:15 | Queue | Villager (Male) |
| 21:40 | Queue | Villager (Male) |
Build order — Big-Tobo
First 150 of 178 actions detected
| 0:00 | Queue | Villager (Male) |
| 0:01 | Queue | Villager (Male) |
| 0:01 | Queue | Villager (Male) |
| 0:02 | Build | House |
| 0:04 | Build | House |
| 0:29 | Queue | Villager (Male) |
| 0:29 | Queue | Villager (Male) |
| 1:33 | Queue | Villager (Male) |
| 1:34 | Queue | Villager (Male) |
| 1:50 | Build | Lumber Camp |
| 2:03 | Queue | Villager (Male) |
| 2:03 | Queue | Villager (Male) |
| 2:17 | Queue | Villager (Male) |
| 2:18 | Queue | Villager (Male) |
| 2:38 | Queue | Villager (Male) |
| 2:38 | Queue | Villager (Male) |
| 2:47 | Build | House |
| 2:48 | Build | House |
| 3:08 | Queue | Villager (Male) |
| 3:08 | Queue | Villager (Male) |
| 3:49 | Queue | Villager (Male) |
| 3:49 | Queue | Villager (Male) |
| 4:05 | Queue | Villager (Male) |
| 4:05 | Queue | Villager (Male) |
| 4:37 | Queue | Villager (Male) |
| 4:38 | Queue | Villager (Male) |
| 4:56 | Queue | Villager (Male) |
| 4:56 | Queue | Villager (Male) |
| 5:04 | Build | House |
| 5:33 | Queue | Villager (Male) |
| 5:33 | Queue | Villager (Male) |
| 5:33 | Queue | Villager (Male) |
| 6:14 | Build | Mill |
| 6:40 | Queue | Villager (Male) |
| 6:41 | Queue | Villager (Male) |
| 6:41 | Queue | Villager (Male) |
| 7:54 | Queue | Villager (Male) |
| 7:55 | Queue | Villager (Male) |
| 8:10 | Build | Mining Camp |
| 8:37 | Research | Feudal Age |
| 8:41 | Research | Loom |
| 8:41 | Research | Feudal Age |
| 9:58 | Build | Palisade Gate |
| 10:13 | Build | House |
| 10:15 | Build | House |
| 10:45 | Build | Farm |
| 10:48 | Build | Farm |
| 10:51 | Build | Farm |
| 11:08 | Build | Farm |
| 11:24 | Age | Feudal Age |
| 11:29 | Build | Farm |
| 11:38 | Build | Farm |
| 12:00 | Research | Castle Age |
| 12:35 | Build | Stable |
| 13:24 | Research | Bloodlines |
| 14:14 | Build | Farm |
| 14:25 | Build | Farm |
| 14:33 | Research | Double-Bit Axe |
| 14:38 | Age | Castle Age |
| 14:39 | Queue | Villager (Male) |
| 14:40 | Queue | Knight |
| 14:43 | Build | Farm |
| 14:45 | Build | Farm |
| 15:16 | Research | Double-Bit Axe |
| 15:52 | Queue | Knight |
| 15:53 | Queue | Villager (Male) |
| 16:54 | Queue | Villager (Male) |
| 16:54 | Queue | Villager (Male) |
| 16:56 | Queue | Scout Cavalry |
| 16:56 | Queue | Scout Cavalry |
| 17:01 | Build | Lumber Camp |
| 17:33 | Research | Horse Collar |
| 17:37 | Queue | Knight |
| 17:37 | Queue | Knight |
| 18:10 | Queue | Scout Cavalry |
| 18:13 | Queue | Villager (Male) |
| 18:13 | Queue | Villager (Male) |
| 19:08 | Build | Town Center |
| 19:24 | Queue | Scout Cavalry |
| 19:24 | Queue | Scout Cavalry |
| 19:36 | Build | Farm |
| 19:36 | Build | Farm |
| 20:27 | Queue | Villager (Male) |
| 20:27 | Queue | Villager (Male) |
| 20:45 | Queue | Villager (Male) |
| 20:46 | Queue | Villager (Male) |
| 21:07 | Queue | Villager (Male) |
| 21:08 | Queue | Villager (Male) |
| 21:12 | Build | Farm |
| 21:14 | Build | Farm |
| 21:33 | Queue | Villager (Male) |
| 21:58 | Build | Stable |
| 22:03 | Build | Monastery |
| 22:05 | Queue | Villager (Male) |
| 22:06 | Queue | Villager (Male) |
| 22:11 | Build | Farm |
| 22:17 | Build | Farm |
| 22:26 | Queue | Villager (Male) |
| 22:26 | Queue | Villager (Male) |
| 22:41 | Queue | Villager (Male) |
| 22:41 | Queue | Villager (Male) |
| 22:46 | Build | Farm |
| 22:46 | Build | Farm |
| 22:47 | Build | Farm |
| 23:03 | Queue | Villager (Male) |
| 23:09 | Queue | Monk |
| 23:26 | Build | Farm |
| 23:26 | Build | Farm |
| 23:28 | Build | Farm |
| 23:28 | Build | Farm |
| 23:33 | Queue | Villager (Male) |
| 23:34 | Queue | Villager (Male) |
| 23:34 | Queue | Villager (Male) |
| 23:40 | Queue | Monk |
| 23:48 | Build | Farm |
| 23:59 | Queue | Knight |
| 24:18 | Queue | Knight |
| 24:18 | Queue | Knight |
| 24:29 | Build | House |
| 24:30 | Build | House |
| 24:52 | Build | Farm |
| 24:52 | Build | Farm |
| 24:53 | Queue | Villager (Male) |
| 24:54 | Queue | Villager (Male) |
| 24:54 | Queue | Villager (Male) |
| 24:54 | Queue | Villager (Male) |
| 24:54 | Queue | Villager (Male) |
| 24:59 | Build | House |
| 25:00 | Build | House |
| 25:22 | Build | Farm |
| 25:22 | Build | Farm |
| 25:23 | Build | Farm |
| 25:23 | Build | Farm |
| 25:23 | Build | Farm |
| 25:23 | Build | Farm |
| 25:44 | Queue | Monk |
| 25:46 | Queue | Knight |
| 26:04 | Queue | Villager (Male) |
| 26:04 | Queue | Villager (Male) |
| 26:13 | Queue | Knight |
| 26:51 | Queue | Knight |
| 26:53 | Queue | Villager (Male) |
| 26:53 | Queue | Villager (Male) |
| 26:54 | Build | Farm |
| 26:55 | Build | Farm |
| 26:55 | Build | Farm |
| 26:55 | Build | Farm |
| 26:55 | Build | Farm |
| 26:56 | Build | Farm |
| 27:05 | Queue | Knight |
Match timeline
| 6:59 | BatDongSan · wall_segment Palisade Wall x14 |
| 7:25 | BatDongSan · wall_segment Palisade Wall x1 |
| 7:27 | BatDongSan · wall_segment Palisade Wall x1 |
| 7:28 | BatDongSan · wall_segment Palisade Wall x1 |
| 7:40 | BatDongSan · wall_segment Palisade Wall x8 |
| 8:08 | BatDongSan · first_building Barracks |
| 8:09 | BatDongSan · wall_segment Palisade Wall x1 |
| 8:50 | BatDongSan · age_up feudal |
| 10:34 | BatDongSan · wall_segment Palisade Wall x1 |
| 10:35 | BatDongSan · wall_segment Palisade Wall x1 |
| 10:36 | BatDongSan · wall_segment Palisade Wall x1 |
| 11:24 | Big-Tobo · age_up feudal |
| 12:35 | Big-Tobo · first_building Stable |
| 13:24 | BatDongSan · wall_segment Palisade Wall x1 |
| 13:46 | BatDongSan · wall_segment Palisade Wall x1 |
| 13:47 | BatDongSan · wall_segment Palisade Wall x1 |
| 13:48 | BatDongSan · wall_segment Palisade Wall x1 |
| 13:48 | BatDongSan · wall_segment Palisade Wall x1 |
| 14:37 | BatDongSan · wall_segment Palisade Wall x2 |
| 14:38 | BatDongSan · wall_segment Palisade Wall x2 |
| 14:38 | Big-Tobo · age_up castle |
| 14:39 | BatDongSan · wall_segment Palisade Wall x7 |
| 14:54 | BatDongSan · wall_segment Palisade Wall x1 |
| 14:55 | BatDongSan · wall_segment Palisade Wall x1 |
| 14:56 | BatDongSan · wall_segment Palisade Wall x1 |
| 14:56 | BatDongSan · wall_segment Palisade Wall x1 |
| 14:57 | BatDongSan · wall_segment Palisade Wall x1 |
| 16:33 | BatDongSan · wall_segment Palisade Wall x1 |
| 16:34 | BatDongSan · wall_segment Palisade Wall x1 |
| 16:36 | BatDongSan · wall_segment Palisade Wall x1 |
| 16:48 | BatDongSan · wall_segment Palisade Wall x1 |
| 17:29 | BatDongSan · wall_segment Palisade Wall x1 |
| 17:30 | BatDongSan · wall_segment Palisade Wall x1 |
| 17:32 | BatDongSan · wall_segment Palisade Wall x1 |
| 17:34 | BatDongSan · wall_segment Palisade Wall x1 |
| 18:26 | BatDongSan · wall_segment Palisade Wall x1 |
| 18:28 | BatDongSan · wall_segment Palisade Wall x1 |
| 18:49 | BatDongSan · wall_segment Palisade Wall x1 |
| 19:34 | BatDongSan · wall_segment Palisade Wall x1 |
| 19:49 | BatDongSan · wall_segment Palisade Wall x1 |
| 20:33 | BatDongSan · wall_segment Palisade Wall x1 |
| 21:56 | BatDongSan · wall_segment Palisade Wall x1 |
| 22:03 | Big-Tobo · first_building Monastery |
| 23:18 | BatDongSan · first_market_buy 100 food |
| 26:00 | BatDongSan · age_up castle |
| 26:29 | BatDongSan · first_building Siege Workshop |
| 26:54 | BatDongSan · first_building Castle |
| 29:41 | Big-Tobo · first_building Siege Workshop |
| 30:10 | BatDongSan · wall_segment Palisade Wall x1 |
| 30:12 | BatDongSan · wall_segment Palisade Wall x1 |
| 30:30 | Big-Tobo · resign |
[ AI ANALYSIS · 1 CREDIT ]
What really happened in this match?
Wolo.gg analyzes every decision: build order, eco, micro, common mistakes by bracket. Personalized analysis on WhatsApp or Discord in 30 seconds.
Civ guide
Teutons
Perfil
Jugador #3306297